 Dungeon Crawl Stone Soup version 0.17.0-17-ge4ba49f (webtiles) character file.

97 BledDest the Poker (level 4, -2/49 HPs)
             Began as a Merfolk Gladiator on Nov 11, 2015.
             Slain by dracony's ghost (8 damage)
             ... on level 3 of the Dungeon.
             The game lasted 00:07:07 (2888 turns).

BledDest the Poker (Merfolk Gladiator)              Turns: 2888, Time: 00:07:07

Health: -2/49      AC: 22    Str: 16    XL:     4   Next: 68%
Magic:  4/4        EV:  2    Int:  7    God:
Gold:   173        SH:  0    Dex: 14    Spells: 0 memorised, 3 levels left

rFire  . . .     SeeInvis .     a - +0 trident
rCold  . . .     Clarity  .     (armour currently unavailable)
rNeg   + + +     SustAt   .     (no shield)
rPois  +         Gourm    .     (helmet currently unavailable)
rElec  .         Spirit   .     (cloak currently unavailable)
rCorr  .         Warding  .     (gloves currently unavailable)
rMut   .         NoTele   +     (boots currently unavailable)
MR     .....                    (no amulet)
Stlth  +.........               (no ring)
                                (no ring)

@: tree-form, not resistant to hostile enchantments, very unstealthy
A: (change form in water), (swift swim)
a: no special abilities


You were on level 3 of the Dungeon.
You were not hungry.
You were a tree.
You visited 1 branch of the dungeon, and saw 3 of its levels.

You collected 173 gold pieces.

Inventory:

Hand Weapons
 a - a +0 trident (weapon)
Missiles
 d - 3 throwing nets (quivered)
 n - 55 stones
Armour
 c - a +0 helmet (melded)
 o - a +0 robe (melded)
Scrolls
 b - 2 scrolls of magic mapping {unknown}
 g - 2 scrolls of recharging {unknown}
 j - 2 scrolls of random uselessness {unknown}
 k - a scroll of immolation {unknown}
 l - a scroll of enchant weapon {unknown}
 m - 4 scrolls of identify {unknown}
 p - a scroll of blinking {unknown}
 s - 2 scrolls of noise {unknown}
Potions
 h - a potion of curing
 i - 2 potions of flight {unknown}
 q - a potion of might {unknown}
 t - a potion of mutation {unknown}
 u - a potion of brilliance {unknown}
 v - a potion of lignification
Comestibles
 e - 3 bread rations
 f - 2 meat rations
 r - 4 fruits


   Skills:
 - Level 2.1 Fighting
 + Level 7.7 Polearms
 - Level 2.0 Throwing
 - Level 4.0 Dodging


You had 3 spell levels left.
You didn't know any spells.

Dungeon Overview and Level Annotations

Branches:
Dungeon (3/15)

Altars:
Elyvilon
Yredelemnul

Annotations:
D:3 dracony's ghost, amateur MiFi


Message History

You hit dracony's ghost but do no damage.
Dracony's ghost is almost destroyed.
Dracony's ghost hits you.
* * * LOW HITPOINT WARNING * * *
You hit dracony's ghost.
Dracony's ghost is almost destroyed.
Dracony's ghost hits you but does no damage.
You hit dracony's ghost.
Dracony's ghost is almost destroyed.
You closely miss dracony's ghost.
Dracony's ghost is almost destroyed.
Dracony's ghost hits you.
* * * LOW HITPOINT WARNING * * *
You barely miss dracony's ghost.
Dracony's ghost is almost destroyed.
Dracony's ghost hits you but does no damage.
You barely miss dracony's ghost.
Dracony's ghost is almost destroyed.
Dracony's ghost hits you!
You die...

#.# #.# #.##.##.##..###.#####
#.###.#####....................#
#........†..##..#####..=.....#.#
#####.########..### #...........
#.............# #......[.#.#
####.#####.##.###..........#
#.#####.##............###
#.##....####............o
#.##.....♣Woo...........#
#.##..######............. #.##..
#.......(....# #.##..
#............# #.##..
#.......#..#.# #.##..
####..#......# #.##.# ###
#..###..## ##.##.# ... ..... ...
##...#.####..## ##.### ##


You could see dracony's ghost and 2 orcs.

Vanquished Creatures
  A gnoll (D:2)
  2 adders
  An ooze (D:3)
  A worm (D:2)
  2 giant geckos
  4 orcs (D:3)
  4 bats
  5 giant cockroaches
  8 hobgoblins
  4 jackals (D:1)
  3 kobolds
  A ball python (D:1)
  6 giant newts
  4 goblins
  A quokka (D:2)
  13 rats
60 creatures vanquished.

Vanquished Creatures (others)
  A goblin (D:3)
1 creature vanquished.

Grand Total: 61 creatures vanquished

Notes
Turn   | Place    | Note
--------------------------------------------------------------
     0 | D:1      | BledDest the Merfolk Gladiator began the quest for the Orb.
     0 | D:1      | Reached XP level 1. HP: 16/16 MP: 1/1
   229 | D:1      | Reached skill level 5 in Polearms
   290 | D:1      | Reached XP level 2. HP: 22/22 MP: 2/2
  1163 | D:2      | Reached skill level 6 in Polearms
  1163 | D:2      | Reached XP level 3. HP: 3/27 MP: 3/3
  1697 | D:2      | Found a basalt altar of Yredelemnul.
  1749 | D:2      | Found a white marble altar of Elyvilon.
  2326 | D:2      | Reached XP level 4. HP: 33/33 MP: 4/4
  2345 | D:2      | Reached skill level 7 in Polearms
  2847 | D:3      | Noticed dracony's ghost (amateur MiFi)
  2888 | D:3      | Slain by dracony's ghost

Action                   |  1- 3 |  4- 6 || total
-------------------------+-------+-------++-------
Melee: Trident           |   173 |    73 ||   246
  Use: Potion            |       |     2 ||     2
 Stab: Sleeping          |     3 |     2 ||     5
       Distracted        |     1 |       ||     1
  Eat: Chunk             |     4 |     2 ||     6
